 Dungeon Crawl Stone Soup version 0.31.0-12-g77e489cdc1 (webtiles) character file.

Game seed: 12396916216378724114

496 Silvore the Slasher (level 6, -7/48 HPs)
             Began as a Demonspawn Fighter on Feb 13, 2024.
             Mangled by an ogre
             ... wielding a +0 giant spiked club
              (31 damage)
             ... on level 4 of the Dungeon.
             The game lasted 00:03:52 (2922 turns).

Silvore the Slasher (Demonspawn Fighter)            Turns: 2922, Time: 00:03:53

Health: -7/48      AC:  8    Str: 19    XL:     6   Next: 93%
Magic:  6/6        EV:  9    Int:  8    God:
Gold:   301        SH:  4    Dex: 12    Spells: 5/5 levels left

rFire   . . .        a - +0 long sword
rCold   . . .        c - +0 buckler
rNeg    . . .        b - +0 scale mail
rPois   .            k - +1 hat
rElec   .            (no cloak)
rCorr   .            (no gloves)
SInv    .            (no boots)
Will    .....        (no amulet) Stlth
                     (no ring)
HPRegen 0.28/turn    (no ring)
MPRegen 0.10/turn

%: no passive effects
@: no status effects
A: hooves 1, ignite blood 1, spiny 1
a: no special abilities


You were on level 4 of the Dungeon.
You visited 1 branch of the dungeon, and saw 5 of its levels.

You collected 301 gold pieces.

Inventory:

Hand Weapons
 a - a +0 long sword (weapon)
Missiles
 r - a throwing net (quivered)
Armour
 b - a +0 scale mail (worn)
 c - a +0 buckler (worn)
 k - a +1 hat (worn)
Jewellery
 q - a ring of magical power
Wands
 f - a wand of paralysis (9)
 i - a wand of roots (8)
Scrolls
 l - a scroll of teleportation
Potions
 d - a potion of might
 e - 3 potions of ambrosia
 g - 3 potions of attraction
 h - a potion of enlightenment {unknown}
 j - a potion of lignification {unknown}
 m - a potion of brilliance {unknown}
 n - a potion of berserk rage {unknown}
 p - a potion of heal wounds {unknown}
 s - 2 potions of haste {unknown}


   Skills:
 + Level 3.8 Fighting
 + Level 4.7 Long Blades
 + Level 4.2 Armour
 + Level 1.1 Dodging
 + Level 0.8 Stealth
 + Level 3.4 Shields


You had 5 spell levels left.
You didn't know any spells.
Your spell library contained the following spells:

 Spells                   Type           Power      Damage    Failure   Level
 Apportation              Tloc           0%         N/A       85%         1
 Necrotise                Necr           0%         1d4       85%         1
 Sting                    Conj/Alch      0%         1d3       85%         1
 Summon Small Mammal      Summ           0%         N/A       85%         1
 Volatile Blastmotes      Fire/Tloc      0%         2d10      99%         3
 Fulminant Prism          Conj/Alch      0%         3d5       100%        4
 Iskenderun's Mystic Bla  Conj/Tloc      0%         2d3       100%        4


Dungeon Overview and Level Annotations

Branches:
Dungeon (5/15)
 Temple: D:4-7

Altars:
Kikubaaqudgha
Ru


Innate Abilities, Weirdness & Mutations

You have large cloven feet.
Your demonic aura sometimes causes spilled blood to erupt in flames.
You are partially covered in sharp spines.


Message History

A ball python is nearby!
The ball python is struck by your spines.
You kill the ball python!
You see here a ball python corpse.
Found a robe.
You see here a +0 robe.
Found 5 atropa-tipped darts. 2 jackals come into view.
The jackal barks!
You hit the jackal. You kick the jackal.
The jackal is severely wounded.
The jackal bites you but does no damage.
The jackal is struck by your spines.
You kill the jackal!
The jackal bites you.
You see here a jackal corpse.
You slash the jackal!
You kill the jackal!
An ogre comes into view. It is wielding a +0 giant spiked club.
The ogre shouts!
An ogre is nearby!
An ogre is nearby!
A goblin comes into view. It is wielding a +0 dagger.
The goblin shouts!
You barely miss the ogre. You kick the ogre.
The ogre is lightly wounded.
The ogre barely misses you.
You hit the ogre. You kick the ogre, but do no damage.
The ogre is moderately wounded.
The ogre is struck by your spines.
The ogre hits you with a +0 giant spiked club!!
Ouch! That really hurt!
You hit the ogre.
The ogre is heavily wounded.
You barely miss the ogre.
The ogre is heavily wounded.
The ogre is struck by your spines.
The ogre hits you with a +0 giant spiked club!!
Ouch! That really hurt!
You die...

. .. ... ..
..... ... # .#..
.# ....### # ...
.# # .#.....
..#.#..####.##..
.......
.............
.....#.
#..#.#..#
.#.#...
#.O@....# # ####
#.##...## .... #
##..# ####
#.###..#
#......#
######.##
#.......##
#.##.....#
#.##.###.#


You could see an ogre.

Vanquished Creatures
  A black bear (D:4)
  2 vampire bats (D:3)
  A bombardier beetle (D:3)
  An iguana (D:5)
  Terence (D:3)
  2 orc wizards (D:4)
  4 adders
  4 gnolls (D:5)
  2 ribbon worms (D:2)
  A dart slug (D:3)
  6 orcs
  9 ball pythons
  8 bats
  3 bat skeletons (D:3)
  3 bat zombies (D:3)
  5 endoplasms
  6 giant cockroaches
  11 goblins
  7 hobgoblins
  2 jackals (D:4)
  2 quokkas
  5 frilled lizards
  8 kobolds
  9 rats
103 creatures vanquished.

Notes
Turn   | Place    | Note
-------+----------+-------------------------------------------
     0 | D:1      | Silvore the Demonspawn Fighter began the quest for the Orb.
     0 | D:1      | Reached XP level 1. HP: 18/18 MP: 1/1
   184 | D:1      | Gained mutation: You are partially covered in sharp spines.
                  | [demonic ancestry]
   184 | D:1      | Reached XP level 2. HP: 4/24 MP: 2/2
   691 | D:2      | Gained mutation: You have large cloven feet. [demonic
                  | ancestry]
   691 | D:2      | Reached XP level 3. HP: 29/29 MP: 3/3
   742 | D:2      | Found a faded altar of an unknown god.
  1021 | D:2      | Reached XP level 4. HP: 35/35 MP: 4/4
  1689 | D:3      | Found a sacrificial altar of Ru.
  1850 | D:3      | You fall into a shaft and drop 2 floors!
  1850 | D:5      | Entered Level 5 of the Dungeon
  1880 | D:5      | Gained mutation: Your demonic aura sometimes causes spilled
                  | blood to erupt in flames. [demonic ancestry]
  1880 | D:5      | Reached XP level 5. HP: 27/41 MP: 5/5
  2020 | D:5      | Identified the +7 spear "Osahush" {elec, Int+2}
  2144 | D:4      | Noticed a black bear
  2276 | D:3      | Noticed Terence
  2288 | D:3      | Killed Terence
  2497 | D:3      | Found an ancient bone altar of Kikubaaqudgha.
  2500 | D:3      | Reached XP level 6. HP: 47/47 MP: 6/6
  2646 | D:4      | Reached skill level 1 in Dodging
  2922 | D:4      | Mangled by an ogre

Illustrated notes

Levels and vault maps discovered:
D:1:      eino_arrival_cavern_a, layout_rooms, minivault_19,
          minmay_close_crescents
D:2:      layout_basic, nicolae_ecumenical_lake_church, minmay_circle_x
D:3:      layout_basic, mainiacjoe_overflow_alcove_2, jmf_multi_god_temple,
          kennysheep_vampire_church, uniq_terence
D:4:      layout_loops_cross, makhleb_heckhound_becter, uniq_grinder
D:5:      minmay_opposing_rooms, layout_loops_corners,
          ebering_ghost_reflecting_pool

Skill      XL: |  1  2  3  4  5  6 |
---------------+-------------------+-----
Shields        | 3 |  3.4
Long Blades    | 2 3 4 |  4.7
Armour         | 3 4 |  4.2
Dodging        | 1 |  1.1
Fighting       | |  3.8
Stealth        | |  0.8

Action                     |  1- 3 |  4- 6 || total
---------------------------+-------+-------++-------
  Melee: Long sword        |    80 |   108 ||   188
         Kick              |     5 |    32 ||    37
    Use: Scroll            |     2 |     4 ||     6
 Armour: Scale mail        |    59 |    84 ||   143
  Dodge: Dodged            |    29 |    52 ||    81
  Block: Buckler           |    23 |    36 ||    59
